Map: Glittering Ashes LE

Players

LiquidClem (Clem) - Winner!

  • Race: Terran Terran
  • League: Master

ShoWTimE

  • Race: Protoss Protoss
  • League: Grandmaster

Event: DreamHack SC2 Masters Last Chance 2022

VOD

Have the link to the VOD?

Description

Time

  • Played on: Dec. 17, 2021, 1:33 p.m.
  • Length: 13:06

All games in this series

Show
View Real Time Build Order
Export as new Build Order

LiquidClem Terran - Winner!

Build Orders:  

Get SALT Encoding   

  12  0:00  SCV  
  13  0:12  SCV  
  14  0:16  Supply Depot  
  14  0:24  SCV  
  15  0:38  SCV  
  15  0:39  Barracks  
  16  0:45  Refinery  
  16  0:50  SCV  
  17  1:02  SCV  
  18  1:07  Engineering Bay  
  18  1:14  SCV  
  19  1:27  Orbital Command  
  19  1:29  Barracks Reactor  
  19  1:32  Supply Depot  
  19  1:54  Command Center  
  19  1:58  SCV  
  20  2:04  Reaper x2  
  22  2:10  SCV  
  23  2:16  Barracks  
  24  2:22  SCV  
  24  2:34  SCV  
  24  2:36  Marine x2  
  27  2:49  Command Center  
  27  2:51  SCV  
  28  2:55  Marine  
  28  2:56  Marine  
  30  3:03  Barracks Tech Lab  
  30  3:04  SCV  
  31  3:13  Engineering Bay  
  31  3:15  Marine x2  
  31  3:18  SCV  
  34  3:22  Marine  
  34  3:23  Stimpack  
  35  3:30  Orbital Command  
  36  3:34  SCV  
  36  3:36  Marine  
  36  3:38  Marine  
  36  3:41  Marine  
  36  3:46  Missile Turret  
  36  3:47  SCV  
  38  3:51  Missile Turret  
  38  3:54  Marine  
  39  3:56  Marine  
  39  3:57  SCV  
  39  3:59  SCV  
  42  4:06  Orbital Command  
  42  4:09  SCV, Marine  
  42  4:11  SCV  
  42  4:15  Marine x2  
  46  4:17  Terran Infantry Weapons Level 1  
  46  4:21  SCV  
  46  4:24  SCV  
  48  4:26  Factory  
  48  4:29  Marine  
  49  4:32  SCV  
  49  4:33  SCV, Marine x2  
  49  4:35  Supply Depot  
  54  4:38  SCV  
  54  4:41  Refinery  
  54  4:44  Supply Depot, SCV  
  55  4:47  Refinery  
  55  4:48  Marine  
  55  4:49  SCV  
  55  4:50  Marine  
  55  4:51  SCV  
  59  4:56  Barracks  
  59  4:58  SCV  
  60  5:00  Marine  
  60  5:02  Supply Depot  
  60  5:03  SCV  
  60  5:04  SCV  
  60  5:06  Marine  
  64  5:10  SCV  
  64  5:12  Starport  
  64  5:13  Factory Reactor  
  65  5:16  SCV  
  65  5:18  Combat Shield  
  65  5:19  Marine  
  65  5:20  SCV  
  68  5:22  Orbital Command  
  68  5:26  Refinery, Marine  
  68  5:27  Marauder  
  71  5:29  Supply Depot  
  71  5:31  SCV  
  72  5:38  Marine  
  72  5:40  Supply Depot, SCV  
  74  5:43  SCV  
  74  5:48  Marauder  
  74  5:49  SCV  
  78  5:51  Barracks Tech Lab  
  78  5:55  Supply Depot  
  78  5:56  Factory Reactor, Barracks  
  78  5:57  Barracks  
  78  5:58  Medivac  
  78  5:59  Medivac  
  78  6:02  Missile Turret  
  78  6:03  SCV  
  83  6:04  SCV  
  83  6:05  SCV  
  85  6:12  Concussive Shells  
  85  6:13  Marauder  
  85  6:14  Supply Depot, Marine x2  
  85  6:16  SCV  
  85  6:18  SCV  
  91  6:21  Terran Infantry Armor Level 1  
  91  6:22  SCV  
  92  6:26  Supply Depot  
  92  6:28  Marauder  
  92  6:30  SCV  
  92  6:31  SCV  
  92  6:32  Medivac  
  98  6:34  SCV  
  98  6:36  Widow Mine  
  98  6:37  Widow Mine  
  101  6:40  Marine x2  
  101  6:43  Supply Depot, Medivac  
  101  6:46  Barracks Tech Lab  
  105  6:48  Marauder  
  105  6:51  Barracks Reactor  
  105  6:52  SCV x3  
  110  6:56  Supply Depot  
  110  6:57  Marauder, Supply Depot  
  110  7:01  Widow Mine x2  
  116  7:03  Refinery  
  116  7:04  SCV x2, Refinery  
  116  7:07  Marauder  
  120  7:11  Armory  
  120  7:13  Engineering Bay  
  120  7:15  SCV  
  121  7:17  SCV x2  
  123  7:25  Widow Mine x2  
  123  7:27  SCV  
  127  7:30  Marauder x2, Supply Depot  
  127  7:31  Supply Depot  
  127  7:32  Marauder  
  127  7:35  Medivac  
  127  7:37  Medivac  
  137  7:41  Supply Depot  
  137  7:42  SCV x2  
  139  7:47  Widow Mine x2  
  138  7:59  Ghost Academy, Command Center, Marine x2  
  138  8:02  Marauder  
  142  8:06  Marauder  
  142  8:08  Viking  
  142  8:10  Viking  
  148  8:24  Terran Infantry Weapons Level 2, Barracks x2  
  148  8:25  Barracks  
  148  8:28  Terran Infantry Armor Level 2  
  146  8:34  Ghost x2  
  146  8:38  Widow Mine x2  
  146  8:41  Ghost  
  152  8:45  Marine x2  
  153  8:50  Marine  
  142  8:56  Viking x2, Marine  
  146  9:02  SCV  
  146  9:03  SCV x2, Ghost, Marine  
  146  9:04  Marauder  
  146  9:07  Terran Ship Weapons Level 1, Marine x2  
  153  9:11  Supply Depot  
  153  9:12  Barracks Tech Lab x2  
  153  9:18  SCV  
  153  9:19  SCV, Marine x2  
  154  9:25  Marauder  
  154  9:26  Supply Depot  
  154  9:29  Missile Turret  
  155  9:32  Marine, Viking, Ghost  
  155  9:34  Viking  
  162  9:42  Starport  
  162  9:43  SCV x3  
  162  9:45  Barracks Reactor  
  165  9:46  Missile Turret  
  165  9:48  Ghost  
  167  9:53  Ghost  
  165  10:01  Marine x2  
  165  10:03  Medivac  
  165  10:04  Marine  
  165  10:05  Marauder, Marine  
  165  10:06  Marauder  
  172  10:07  SCV  
  172  10:09  Marauder  
  172  10:12  Refinery x2, Planetary Fortress  
  174  10:16  SCV x2  
  174  10:18  Marauder  
  178  10:22  Marauder  
  178  10:23  SCV  
  178  10:24  Marine x3  
  178  10:27  Marauder  
  186  10:28  SCV  
  186  10:29  Marine  
  186  10:31  Viking x2  
  186  10:32  Viking  
  194  10:40  Command Center  
  194  10:42  Viking  
  194  10:46  Marauder x2  
  194  10:48  Marine x2  
  200  10:58  Sensor Tower  
  200  11:04  Marauder  
  198  11:07  Marauder  
  198  11:11  Viking x2  
  187  11:12  SCV  
  187  11:17  Marauder, Marine  
  187  11:18  Marauder  
  184  11:21  Liberator x2  
  184  11:22  Marauder, Marine x2  
  184  11:23  SCV  
  184  11:25  Marauder  
  192  11:27  Missile Turret  
  192  11:30  SCV  
  193  11:33  SCV  
  192  11:41  Liberator x2  
  192  11:42  SCV  
  192  11:45  SCV  
  192  11:46  Command Center  
  200  11:53  Marine  
  199  11:55  Marine  
  199  11:57  Marine  
  199  11:59  SCV  
  199  12:03  Marauder  
  199  12:05  Marine x2  
  199  12:06  Marauder, Medivac  
  196  12:08  Medivac  
  197  12:21  Marine  
  193  12:23  Marauder  
  193  12:24  Marauder, Medivac  
  193  12:28  SCV x2  
  193  12:29  Marine x3  
  199  12:33  Marine  
  200  12:39  Marauder  
  200  12:40  Marauder  
  200  12:42  Marine  
Show
View Real Time Build Order
Export as new Build Order

ShoWTimE Protoss 

Build Orders: 1 Gate Expand, Oracle Opening 

Get SALT Encoding   

  12  0:00  Probe  
  13  0:12  Probe  
  14  0:17  Pylon  
  14  0:24  Probe (Chrono Boost)  
  15  0:36  Gateway, Probe (Chrono Boost)  
  16  0:44  Probe (Chrono Boost)  
  16  0:45  Assimilator  
  17  0:50  Probe  
  18  1:03  Probe  
  19  1:15  Probe  
  20  1:29  Nexus  
  20  1:32  Cybernetics Core  
  20  1:34  Probe  
  21  1:40  Assimilator  
  21  1:46  Probe  
  22  1:49  Pylon  
  22  1:58  Probe  
  23  2:06  Adept (Chrono Boost)  
  23  2:10  Probe  
  26  2:17  Stargate  
  26  2:22  Probe  
  27  2:26  Adept (Chrono Boost)  
  29  2:31  Warp Gate  
  30  2:37  Probe (Chrono Boost)  
  30  2:41  Probe (Chrono Boost)  
  31  2:49  Adept  
  31  2:50  Probe (Chrono Boost)  
  31  2:51  Probe (Chrono Boost)  
  35  2:55  Probe (Chrono Boost)  
  36  2:59  Probe  
  36  3:01  Oracle (Chrono Boost)  
  40  3:07  Probe  
  40  3:08  Pylon  
  40  3:11  Probe  
  42  3:19  Probe  
  43  3:22  Adept  
  43  3:23  Probe  
  46  3:30  Pylon  
  46  3:31  Probe  
  47  3:35  Probe  
  47  3:37  Oracle (Chrono Boost)  
  50  3:43  Probe  
  50  3:47  Probe  
  52  3:49  Gateway  
  52  3:51  Gateway  
  52  3:55  Probe  
  52  3:59  Probe  
  54  4:08  Probe  
  55  4:11  Probe  
  55  4:16  Nexus  
  56  4:20  Probe (Chrono Boost)  
  56  4:21  Assimilator  
  56  4:23  Assimilator  
  58  4:27  Probe (Chrono Boost), Pylon  
  59  4:32  Probe (Chrono Boost)  
  59  4:34  Sentry  
  62  4:38  Twilight Council  
  62  4:39  Probe (Chrono Boost)  
  62  4:41  Forge  
  62  4:43  Probe (Chrono Boost)  
  63  4:48  Probe  
  63  4:49  Sentry, Pylon  
  66  4:55  Probe  
  66  4:56  Robotics Facility  
  66  4:59  Pylon  
  67  5:00  Probe  
  67  5:01  Sentry  
  70  5:08  Probe (Chrono Boost)  
  70  5:09  Shield Battery  
  70  5:11  Shield Battery  
  70  5:12  Probe (Chrono Boost)  
  72  5:14  Protoss Ground Weapons Level 1  
  72  5:16  Blink (Chrono Boost)  
  72  5:20  Probe (Chrono Boost)  
  73  5:24  Probe (Chrono Boost)  
  73  5:27  Probe (Chrono Boost)  
  75  5:29  Probe (Chrono Boost)  
  75  5:30  Probe (Chrono Boost), Pylon  
  75  5:34  Stalker, Probe  
  80  5:38  Probe  
  80  5:40  Probe  
  80  5:42  Stalker  
  84  5:46  Probe  
  85  5:50  Probe  
  85  5:51  Robotics Bay  
  85  5:52  Assimilator  
  85  5:53  Probe  
  85  5:56  Assimilator  
  87  5:58  Probe  
  87  5:59  Stalker  
  87  6:02  Observer, Probe  
  87  6:03  Stalker  
  94  6:05  Probe  
  94  6:07  Photon Cannon  
  94  6:10  Probe  
  96  6:14  Probe  
  97  6:20  Gateway  
  97  6:21  Stalker, Gateway  
  97  6:24  Pylon  
  99  6:28  Gateway  
  99  6:31  Pylon, Shield Battery  
  99  6:34  Stalker x2  
  99  6:38  Colossus (Chrono Boost)  
  109  6:49  Stalker  
  111  6:58  Pylon  
  111  6:59  Extended Thermal Lance  
  111  7:03  Gateway  
  111  7:05  Gateway  
  111  7:10  Charge, Forge  
  111  7:12  Pylon  
  111  7:13  Stalker x2  
  115  7:18  Colossus (Chrono Boost)  
  115  7:20  Stalker x2  
  125  7:24  Protoss Ground Weapons Level 2 (Chrono Boost)  
  125  7:26  Photon Cannon  
  125  7:37  Zealot x3  
  131  7:47  Probe  
  131  7:48  Probe  
  131  7:50  Probe  
  130  7:52  Photon Cannon, Protoss Ground Armor Level 1 (Chrono Boost)  
  129  7:59  Probe  
  129  8:00  Probe  
  129  8:01  Colossus  
  137  8:06  Stalker x2  
  141  8:17  Probe  
  141  8:28  Pylon  
  141  8:29  Nexus  
  141  8:30  Robotics Facility, Pylon  
  141  8:32  Zealot  
  140  8:40  Pylon  
  140  8:41  Probe  
  140  8:46  Probe  
  142  8:53  Zealot x4  
  144  9:03  Probe  
  144  9:05  Warp Prism (Chrono Boost)  
  144  9:07  Probe x2  
  147  9:15  Probe  
  148  9:19  Probe  
  148  9:21  Probe  
  148  9:22  Disruptor (Chrono Boost)  
  150  9:27  Dark Shrine  
  150  9:29  Pylon  
  150  9:30  Pylon  
  150  9:31  Probe  
  154  9:34  Photon Cannon  
  154  9:37  Shield Battery  
  154  9:39  Shield Battery  
  154  9:40  Pylon  
  154  9:45  Protoss Ground Weapons Level 3 (Chrono Boost), Protoss Ground Armor Level 2 (Chrono Boost)  
  157  9:52  Pylon  
  157  9:55  Zealot x5  
  157  9:56  Disruptor (Chrono Boost)  
  163  10:00  Disruptor (Chrono Boost)  
  163  10:01  Zealot x3  
  164  10:09  Pylon  
  164  10:10  Pylon  
  164  10:12  Gravitic Drive (Chrono Boost)  
  164  10:23  Disruptor (Chrono Boost)  
  164  10:25  Disruptor (Chrono Boost)  
  170  10:31  Zealot x3  
  170  10:32  Zealot  
  170  10:35  Gateway  
  178  10:40  Gateway, Shadow Stride  
  178  10:50  Disruptor (Chrono Boost)  
  178  10:52  Disruptor (Chrono Boost)  
  184  10:59  Dark Templar x2  
  184  11:00  Zealot x5  
  184  11:01  Nexus  
  178  11:19  Pylon  
  178  11:21  Pylon  
  178  11:22  Assimilator, Disruptor  
  175  11:26  Pylon  
  175  11:27  Warp Prism  
  175  11:29  Assimilator  
  175  11:32  Photon Cannon  
  173  11:33  Probe x4  
  177  11:43  Stalker x4  
  177  11:44  Stalker x4  
  177  11:45  Probe  
  162  12:12  Stalker x8  
  172  12:20  Dark Templar x2  
  173  12:26  Probe x2  
  173  12:27  Probe  
  162  12:35  Zealot  
  162  12:36  Zealot x4  
  148  12:50  Zealot x2  
  130  12:58  Dark Templar x3  

Tags
 
Add a new tag
Caveats
  • Supply blocks, unpowered buildings, or Contaminate may cause inaccurate times.
  • Supply counts are checked every 10 seconds.